 Dungeon Crawl Stone Soup version 0.30.1-4-g462c640d31 (webtiles) character file.

Game seed: 15573769285029195792

55392 Peloso the Peltast (level 14, -10/127 HPs)
             Began as a Minotaur Fighter on Sept 13, 2023.
             Was a High Priest of Okawaru.
             Killed from afar by a bog body (29 damage)
             ... with a bolt of cold
             ... on level 3 of the Lair of Beasts.
             The game lasted 00:52:34 (22812 turns).

Peloso the Peltast (Minotaur Fighter)              Turns: 22812, Time: 00:52:34

Health: -10/127    AC: 27    Str: 21    XL:     14   Next: 38%
Magic:  14/14      EV: 10    Int: 10    God:    Okawaru [*****.]
Gold:   638        SH: 18    Dex: 23    Spells: 13/13 levels left

rFire   + . .        b - +0 long sword of Vonobotiul {flame, Int+5 Dex+2}
rCold   . . .        d - +2 kite shield
rNeg    . . .        x - +3 plate armour {rF+}
rPois   .            v - +2 hat
rElec   .            Y - +1 cloak {Will+}
rCorr   .            D - +0 pair of gloves
SInv    +            U - +0 pair of boots {Fly}
Will    ++...        t - amulet of regeneration Stlth
                     h - +6 ring of dexterity
HPRegen 1.21/turn    e - ring of see invisible
MPRegen 0.14/turn

%: no passive effects
@: flying
A: horns 2, retaliatory headbutt
a: Renounce Religion, Heroism, Finesse, Duel


You were on level 3 of the Lair of Beasts.
You worshipped Okawaru.
Okawaru was extremely pleased with you.
You visited 4 branches of the dungeon, and saw 18 of its levels.
You also visited: Sewer and Volcano.

You collected 2473 gold pieces.
You spent 1835 gold pieces at shops.

Inventory:

Hand Weapons
 a - a +5 scimitar
 b - the +0 long sword of Vonobotiul (weapon) {flame, Int+5 Dex+2}
   (You bought it in a shop on level 3 of the Dungeon)

   Int:       It affects your intelligence (+5).
   Dex:       It affects your dexterity (+2).
 c - the +1 falchion "Gifaruog" {freeze, Dex+5}
   (You found it on level 9 of the Dungeon)

   Dex:       It affects your dexterity (+5).
Armour
 d - a +2 kite shield (worn)
 v - a +2 hat (worn)
 x - a +3 plate armour of fire resistance (worn)
 D - a +0 pair of gloves (worn)
 O - the +0 hat of Okawaru's Regard {Harm Rampage rElec rC++}
   (Okawaru gifted it to you on level 9 of the Dungeon)

   rC:        It greatly protects you from cold.
   rElec:     It insulates you from electricity.
   Harm:      It increases damage dealt and taken.
   Rampage:   It bestows one free step when moving towards enemies.
 U - a +0 pair of boots of flying (worn)
 Y - a +1 cloak of willpower (worn)
 Z - the +0 pair of boots "Lestaraesu" {Dex+3}
   (You found it on level 1 of the Orcish Mines)

   Dex:       It affects your dexterity (+3).
Jewellery
 e - a ring of see invisible (right hand)
 h - a +6 ring of dexterity (left hand)
 t - an amulet of regeneration (around neck)
 y - an amulet of the acrobat
 z - a +4 ring of protection
 E - the amulet "Siweylol" {Spirit Harm Str+4}
   (You found it on level 2 of the Orcish Mines)

   [amulet of guardian spirit]

   It causes incoming damage to be divided between your reserves of health and
   magic.
   Str:       It affects your strength (+4).
   Harm:      It increases damage dealt and taken.
 H - an amulet of guardian spirit
 I - a ring of protection from fire
 N - a ring of protection from cold
 W - an amulet of faith
Wands
 w - a wand of mindburst (15)
 G - a wand of paralysis (10)
 Q - a wand of iceblast (6)
 T - a wand of quicksilver (6)
 X - a wand of digging (6)
Scrolls
 g - 5 scrolls of fear
 i - a scroll of enchant armour
 l - 2 scrolls of fog
 m - 3 scrolls of enchant weapon
 o - 12 scrolls of teleportation
 p - 5 scrolls of blinking
 q - a scroll of noise {unknown}
 r - 4 scrolls of poison
 s - 2 scrolls of magic mapping
 A - 5 scrolls of identify
 C - 3 scrolls of amnesia
 F - 6 scrolls of immolation
 M - 2 scrolls of silence
 P - 2 scrolls of brand weapon
 R - 3 scrolls of acquirement
Potions
 f - 5 potions of mutation
 j - 6 potions of heal wounds
 k - 9 potions of curing
 n - 5 potions of haste
 u - a potion of might
 B - 3 potions of flight {unknown}
 K - 2 potions of berserk rage {unknown}
 L - 3 potions of resistance {unknown}
 V - 2 potions of brilliance {unknown}
Miscellaneous
 J - a tin of tremorstones (2/2)
 S - a phial of floods


   Skills:
 + Level 12.7 Fighting
 + Level 15.9 Long Blades
 + Level 14.0 Armour
 + Level 5.1 Dodging
 + Level 1.5 Stealth
 + Level 17.4 Shields
 + Level 2.6 Invocations
 + Level 0.1 Evocations


You had 13 spell levels left.
You didn't know any spells.
Your spell library contained the following spells:

 Spells                   Type           Power      Damage    Failure   Level
 Freeze                   Ice            0%         1d3       99%         1
 Magic Dart               Conj           0%         1d3       99%         1
 Sandblast                Erth           0%         2d4       99%         1
 Blink                    Tloc           0%         N/A       100%        2
 Cigotuvi's Dreadful Rot  Necr/Pois/Air  0%         N/A       100%        2
 Lesser Beckoning         Tloc           0%         N/A       100%        2
 Momentum Strike          Conj/Tloc      0%         3d8       100%        2
 Passwall                 Tmut/Erth      0%         N/A       100%        2
 Searing Ray              Conj           0%         2d4       100%        2
 Static Discharge         Conj/Air       0%         2-2/arc   100%        2
 Gell's Gravitas          Tloc           0%         N/A       100%        3
 Hailstorm                Conj/Ice       0%         3d3       100%        3
 Ignite Poison            Fire/Tmut/Pois 0%         N/A       100%        3
 Portal Projectile        Hex/Tloc       0%         N/A       100%        3
 Stone Arrow              Conj/Erth      0%         3d7       100%        3
 Teleport Other           Tloc           0%         N/A       100%        3
 Airstrike                Air            0%         2d(0-16)  100%        4
 Fulminant Prism          Conj/Hex       0%         3d5       100%        4
 Ice Form                 Ice/Tmut       0%         N/A       100%        4
 Sticky Flame             Conj/Fire      0%         2d3       100%        4
 Blade Hands              Tmut           0%         N/A       100%        5
 Fireball                 Conj/Fire      0%         3d3       100%        5
 Freezing Cloud           Conj/Ice/Air   0%         6-21      100%        5
 Iskenderun's Battlesphe  Conj           0%         2d6       100%        5
 Metabolic Englaciation   Hex/Ice        0%         N/A       100%        5
 Conjure Ball Lightning   Conj/Air       0%         3x3d6     100%        6
 Dispersal                Tloc           0%         N/A       100%        6
 Orb of Destruction       Conj           0%         9d5       100%        7
 Ignition                 Fire           0%         3d3       100%        8
 Summon Guardian Golem    Hex/Summ       Unusable   N/A       N/A         3
 Tukima's Dance           Hex            Unusable   N/A       N/A         3
 Summon Lightning Spire   Summ/Air       Unusable   N/A       N/A         4
 Simulacrum               Ice/Necr       Unusable   N/A       N/A         6
 Spellforged Servitor     Conj/Summ      Unusable   N/A       N/A         7

Dungeon Overview and Level Annotations

Branches:
Dungeon (12/15)            Temple (1/1) D:5            Lair (3/5) D:9
  Swamp (0/4) Lair:3          Orc (2/2) D:9             Elf (0/3) Orc:2
  Sewer (visited)         Volcano (visited)
  Snake: Lair:2-3    Spider: Lair:2-3

Altars:
Cheibriados
Dithmenos
Makhleb
Nemelex Xobeh
Okawaru
Qazlal
Ru
Uskayaw
Xom
Zin
The Shining One

Shops:
D:1 :   D:3 [*(   D:9 =**   D:10 :   Orc:2 (?(:*

Annotations:
D:3 1 runed translucent door, Silencio's ghost, weakling MiBe
D:4 Dig
D:6 1 transporter


Innate Abilities, Weirdness & Mutations

You have a pair of horns on your head.
You reflexively headbutt those who attack you in melee.


Message History

A bog body is nearby!
A bog body is nearby!
A bog body is nearby!
Found a staircase to the Swamp.
A bog body comes into view.
You block the bog body's attack.
You barely miss the bog body.
The bog body points at you and mumbles some strange words.
The bolt of cold hits you!!
You hit the bog body.
The bog body is lightly damaged.
The bog body casts a spell at you.
The bolt of cold hits the fungus!!!
The fungus begins to die.
The bolt of cold misses you. The bog body touches you!
The bog body freezes you!!
You barely miss the bog body.
The bog body is lightly damaged.
The bog body gestures at you while chanting.
The bolt of cold hits you but does no damage.
You hit the bog body.
The bog body is moderately damaged.
The bog body casts a spell at you. The bolt of cold hits you!!
* * * LOW HITPOINT WARNING * * *
You slash the bog body! You burn the bog body.
The bog body is heavily damaged.
You hit the bog body.
You headbutt the bog body, but do no damage.
The bog body is heavily damaged.
The bog body touches you but does no damage.
You slash the bog body! You burn the bog body. You headbutt the bog body.
The bog body is almost destroyed.
A nearby fungus withers and dies.
You block the bog body's attack. The bog body attacks as you move away!
The bog body touches you!
* * * LOW HITPOINT WARNING * * *
The bog body freezes you!
* * * LOW HITPOINT WARNING * * *
The bog body gestures at you while chanting.
The bolt of cold hits you!!
You die...

...##..........##.# #
..P###...........#### ####
..####..............##########.#.
.P###....................#.##....
...###.....................#....~
.### ##......##.................~
.# ##(..#.##..###...^.......~~ ##
##.#####..# #.##........~≈ # ###
#.@####.####......~
#...#.####.##.....~
#nn..##.###.#....#.
#.....##...##.......
.§§§§...##............
..§§§§§......###†.......
..♣§§§♣...... #.......#
..§§§~~.....####......#.
§.~§§♣♣.....# #.......†#


You could see 2 bog bodies.

Vanquished Creatures
  Jorgrun (Orc:1)
  The ghost of gildax the Nimble, a journeyman DjWn of Gozag (Orc:2)
  Josephine (Orc:2)
  A hydra (Lair:3)
  Harold (D:11)
  Erolcha (Orc:1)
  3 boulder beetles
  A centaur warrior (D:11)
  2 two-headed ogres (D:9)
  An orc high priest (Orc:2)
  Urug (Orc:2)
  11 skeletal warriors
  2 anaconda skeletons (Volcano)
  8 orc knights (Orc:2)
  2 orc sorcerers
  3 cyclopes
  2 moths of wrath (Orc:2)
  7 elephants
  2 black mambas
  7 gargoyles
  A rime drake (Lair:2)
  An unseen horror (D:12)
  4 komodo dragons
  Psyche (D:8)
  A kobold demonologist (D:9)
  9 trolls
  A polar bear (Lair:3)
  A hornet (D:7)
  9 blink frogs (Lair:1)
  3 flying skulls (Volcano)
  6 slime creatures (D:12)
  2 alligator skeletons (Volcano)
  A shadow (D:9)
  4 wraiths
  3 wyverns
  39 yaks
  Grum (D:11)
  5 vampire mosquitoes
  2 steam dragons
  14 two-headed ogre zombies (Orc:1)
  11 wargs
  2 acid dragons
  6 water moccasins
  36 orc warriors
  A sky beast (D:8)
  5 ogres
  2 ice beasts
  7 wolves
  A centaur (D:12)
  2 phantoms (D:5)
  9 kobold brigands
  6 bullfrogs
  2 gnoll sergeants
  4 scorpions
  7 wights
  4 killer bees (D:8)
  3 troll skeletons (Volcano)
  5 electric eels
  A vampire bat (D:4)
  3 spriggan skeletons (Volcano)
  2 howler monkeys
  A gnoll bouda (D:8)
  8 hounds
  13 orc priests
  Crazy Yiuf (D:7)
  2 sleepcaps
  6 iguanas
  24 orc wizards
  3 centaur simulacra (D:10)
  A naga skeleton (Volcano)
  Robin (D:4)
  21 gnolls
  8 adders
  A river rat (D:6)
  A shadow imp (D:5)
  3 white imps (D:10)
  3 ufetubi
  5 worms
  2 dart slugs
  3 fire bats (D:4)
  103 orcs
  2 spectral bats (D:4)
  3 bat skeletons (D:4)
  A bat zombie (D:4)
  8 endoplasms
  14 giant cockroaches
  16 goblins
  8 hobgoblins
  6 jackals
  31 kobolds
  13 quokkas
  18 ball pythons
  16 bats
  A bat simulacrum (D:4)
  11 frilled lizards
  5 rats
648 creatures vanquished.

Vanquished Creatures (others)
  3 wargs (Orc:2)
  An orc (Orc:1)
4 creatures vanquished.

Grand Total: 652 creatures vanquished

Notes
Turn   | Place    | Note
-------+----------+-------------------------------------------
     0 | D:1      | Peloso the Minotaur Fighter began the quest for the Orb.
     0 | D:1      | Reached XP level 1. HP: 19/19 MP: 0/0
    90 | D:1      | Found Gommots's Book Shoppe.
   135 | D:1      | Reached XP level 2. HP: 27/27 MP: 1/1
   449 | D:1      | Reached skill level 4 in Shields
  1012 | D:2      | Reached XP level 3. HP: 27/33 MP: 2/2
  1425 | D:2      | Reached XP level 4. HP: 39/41 MP: 3/3
  1690 | D:3      | Noticed a +0 hand axe
  1691 | D:3      | Found a hide-covered altar of Uskayaw.
  1691 | D:3      | Noticed a +0 hand axe
  1694 | D:3      | You fall into a shaft and drop 3 floors!
  1751 | D:6      | Found a glowing drain.
  1791 | Sewer    | Entered a sewer
  2174 | Sewer    | Noticed a bullfrog
  2180 | Sewer    | Killed a bullfrog
  2181 | Sewer    | Reached skill level 1 in Dodging
  2181 | Sewer    | Reached XP level 5. HP: 45/47 MP: 4/4
  2261 | Sewer    | Identified the +7 dire flail "Garuetiu" {freeze, rElec
                  | rPois Dex-4 Stlth+}
  2519 | D:6      | Reached skill level 5 in Long Blades
  2519 | D:6      | Reached skill level 5 in Armour
  2522 | D:6      | Reached XP level 6. HP: 49/53 MP: 5/5
  2537 | D:5      | Entered Level 5 of the Dungeon
  2648 | D:5      | Reached skill level 5 in Fighting
  2822 | D:5      | Found an iron altar of Okawaru.
  2844 | D:5      | Became a worshipper of Warmaster Okawaru
  2915 | D:4      | Reached XP level 7. HP: 61/61 MP: 6/6
  3112 | D:4      | Noticed Robin
  3128 | D:4      | Reached skill level 5 in Shields
  3135 | D:4      | Killed Robin
  3162 | D:4      | Found a glowing golden altar of the Shining One.
  3261 | D:3      | Found Qaisu's General Store.
  3275 | D:3      | Bought a scroll of identify for 24 gold pieces
  3275 | D:3      | Bought a scroll of identify for 24 gold pieces
  3298 | D:3      | Found Uruuddew's Antique Armour Shop.
  3417 | D:3      | Found a runed translucent door.
  3417 | D:3      | Noticed Silencio's ghost (weakling MiBe)
  3565 | D:3      | Found Xuorghof's Antique Weapon Shop.
  3579 | D:3      | Bought a brightly glowing long sword for 144 gold pieces
  3579 | D:3      | Identified the +0 long sword of Vonobotiul {flame, Int+5
                  | Dex+2} (You bought it in a shop on level 3 of the Dungeon)
  3889 | D:4      | Found a snail-covered altar of Cheibriados.
  4196 | D:4      | Noticed a water elemental
  4212 | D:4      | Found a stormy altar of Qazlal.
  4215 | D:4      | Noticed a fire elemental
  4215 | D:4      | Noticed an air elemental
  4268 | D:4      | Found a glowing silver altar of Zin.
  4441 | D:5      | Found a staircase to the Ecumenical Temple.
  4541 | Temple   | Entered the Ecumenical Temple
  4806 | D:5      | Reached * piety under Okawaru
  4860 | D:5      | Reached XP level 8. HP: 69/70 MP: 7/7
  5364 | D:6      | Reached skill level 6 in Shields
  5367 | D:6      | Reached ** piety under Okawaru
  5887 | D:6      | Found a sparkling altar of Nemelex Xobeh.
  5887 | D:6      | Found a transporter.
  5887 | D:6      | Noticed a two-headed ogre
  5887 | D:6      | Noticed a cyclops
  6190 | D:7      | Reached XP level 9. HP: 69/75 MP: 8/8
  6257 | D:7      | Paralysed by a hornet for 1 turns
  6263 | D:7      | Reached skill level 7 in Shields
  6529 | D:6      | Reached *** piety under Okawaru
  6837 | D:7      | Found a runed translucent door.
  6838 | D:7      | Noticed Crazy Yiuf
  7001 | D:7      | Killed Crazy Yiuf
  7176 | D:8      | Reached skill level 10 in Long Blades
  7176 | D:8      | Reached skill level 8 in Shields
  7298 | D:8      | Reached **** piety under Okawaru
  7823 | D:8      | Reached XP level 10. HP: 86/86 MP: 9/9
  7947 | D:8      | Noticed Psyche
  7953 | D:8      | Killed Psyche
  7977 | D:8      | Found a sacrificial altar of Ru.
  8179 | D:9      | Noticed a two-headed ogre
  8207 | D:9      | Killed a two-headed ogre
  8207 | D:9      | Reached ***** piety under Okawaru
  8208 | D:9      | Reached skill level 9 in Shields
  8248 | D:9      | Noticed a two-headed ogre
  8261 | D:9      | Killed a two-headed ogre
  8267 | D:9      | Reached skill level 10 in Armour
  8497 | D:9      | Reached skill level 10 in Shields
  8502 | D:9      | Found a staircase to the Lair.
  8552 | D:9      | Reached XP level 11. HP: 80/94 MP: 8/10
  8568 | D:9      | Identified the scarf of Ashenzari {repulsion, rC+ rCorr
                  | Str-4 Dex+3}
  8738 | D:9      | Found Xaecy's Assorted Antiques.
  8738 | D:9      | Found Etzaoj's Assorted Antiques.
  8743 | D:9      | Bought 3 scrolls labelled KARPHA QUNKUNT for 84 gold pieces
  8743 | D:9      | Bought a yellow potion for 25 gold pieces
  8750 | D:9      | Bought an inky potion for 31 gold pieces
  8750 | D:9      | Bought a scroll labelled FUES MAFEFUDEFF for 35 gold pieces
  8750 | D:9      | Bought a scroll labelled ORIEXE JORPHECI for 35 gold pieces
  8750 | D:9      | Bought a scroll labelled WOROIX IVIZ for 35 gold pieces
  8804 | D:9      | Found a staircase to the Orcish Mines.
  9160 | D:9      | Identified the +0 hat of Okawaru's Regard {Harm Rampage
                  | rElec rC++} (Okawaru gifted it to you on level 9 of the
                  | Dungeon)
  9160 | D:9      | Received a gift from Okawaru
  9228 | D:9      | Found Zasetups's Jewellery Shop.
  9590 | D:10     | Entered Level 10 of the Dungeon
  9965 | D:10     | Reached skill level 11 in Shields
 10122 | D:10     | Noticed a boulder beetle
 10155 | D:10     | Killed a boulder beetle
 10266 | D:10     | Found Ybbyofro's Book Shop.
 11441 | Lair:1   | Entered Level 1 of the Lair of Beasts
 11848 | Lair:1   | Reached skill level 12 in Shields
 11848 | Lair:1   | Reached XP level 12. HP: 89/106 MP: 7/11
 12228 | Lair:1   | Reached ****** piety under Okawaru
 12967 | Lair:2   | Received a gift from Okawaru
 12983 | Lair:2   | Reached skill level 10 in Fighting
 13729 | D:11     | Noticed a centaur warrior
 13861 | D:11     | Killed a centaur warrior
 13868 | D:11     | Identified a scroll of acquirement
 13889 | D:11     | Noticed Harold
 13903 | D:11     | Killed Harold
 13904 | D:11     | Reached skill level 13 in Shields
 13956 | D:11     | Got Fomuel's Compendium of the Serac and the Cemetery
 13996 | D:11     | Identified the +3 scale mail "Emyoch" {Str+3}
 14120 | D:11     | Received a gift from Okawaru
 14375 | D:11     | Noticed a boulder beetle
 14408 | D:11     | Killed a boulder beetle
 14601 | D:11     | Noticed Grum
 14640 | D:11     | Killed Grum
 14641 | D:11     | Reached skill level 1 in Invocations
 15119 | D:12     | Reached skill level 14 in Shields
 15294 | D:3      | Bought a wand of digging (9) for 453 gold pieces
 15438 | D:9      | Identified the +1 falchion "Gifaruog" {freeze, Dex+5}
 15795 | Orc:1    | Entered Level 1 of the Orcish Mines
 15809 | Orc:1    | Found a dark tunnel.
 15819 | Volcano  | Entered a volcano
 16279 | Volcano  | Reached XP level 13. HP: 74/116 MP: 9/13
 16969 | Orc:1    | Noticed Jorgrun
 17027 | Orc:1    | Killed Jorgrun
 17028 | Orc:1    | Reached skill level 15 in Long Blades
 17549 | Orc:2    | Entered Level 2 of the Orcish Mines
 17610 | Orc:2    | Noticed Josephine
 17634 | Orc:2    | Killed Josephine
 17646 | Orc:2    | Reached skill level 15 in Shields
 17759 | Orc:2    | Found Uhuc's Antique Weapon Boutique.
 17911 | Orc:2    | Found a transporter.
 17921 | Orc:2    | Noticed gildax's ghost (journeyman DjWn)
 17939 | Orc:2    | Found a transporter.
 17996 | Orc:2    | Received a gift from Okawaru
 18003 | Orc:2    | Noticed Urug
 18336 | Orc:2    | Killed Urug
 18422 | Orc:2    | Found a staircase to the Elven Halls.
 18469 | Orc:2    | Reached skill level 1 in Stealth
 18936 | Orc:2    | Reached skill level 16 in Shields
 18969 | Orc:2    | Found Picvic's Assorted Antiques.
 18969 | Orc:2    | Found Ononkam's Book Emporium.
 19016 | Orc:2    | Found Dill's Magic Scroll Shop.
 19016 | Orc:2    | Found Jel Isy's Antique Weapon Emporium.
 19352 | Orc:2    | Bought a scroll of acquirement for 728 gold pieces
 20145 | Orc:2    | Identified the amulet "Siweylol" {Spirit Harm Str+4}
 20159 | Orc:2    | Killed gildax's ghost
 21045 | Orc:1    | Noticed Erolcha
 21089 | Orc:1    | Reached XP level 14. HP: 96/126 MP: 9/14
 21119 | Orc:1    | Killed Erolcha
 21124 | Orc:1    | Identified the +0 pair of boots "Lestaraesu" {Dex+3}
 21209 | Orc:2    | Bought a runed hat for 217 gold pieces
 21588 | D:12     | Reached skill level 5 in Dodging
 21600 | D:12     | Reached skill level 17 in Shields
 22801 | Lair:3   | Found a staircase to the Swamp.
 22812 | Lair:3   | Killed from afar by a bog body

Illustrated notes

Levels and vault maps discovered:
D:1:      denvon_arrival_planthouse, layout_basic, serial_shops, shop,
          grunt_decor_one_mirror, minmay_quantized
D:2:      layout_basic
D:3:      layout_loops_ring, dancing_weapons_uskayaw, serial_shops, shop,
          nicolae_shop_window_shopping, shop, hellmonk_ghost_happy_afterlife
D:4:      layout_loops_cross, zin_treasury, nicolae_qazlal_style_of_elements,
          mainiacjoe_overflow_six_doors_small, mainiacjoe_overflow_alcove_4,
          hangedman_decor_opposing, amcnicky_mini_pool_small, goddamned_bats,
          uniq_robin
D:5:      layout_basic, okawaru_altar_gauntlet_db, minmay_temple_entry_junction,
          kennysheep_opposing_triangles
D:6:      layout_loops_corners, grunt_nemelex_the_gamble,
          gup_sewer_entry_bubbles, nicolae_titane
D:7:      layout_cave_pools, uniq_crazy_yiuf_cottage
D:8:      layout_loops_corners, marbit_many_paths, uniq_psyche
D:9:      layout_small_grid, erik_lair_island, hiddenorc2_lemuel, serial_shops,
          nicolae_shop_tiny_statue_garden, nicolae_shop_behind_doors, shop,
          minivault_5, due_unseen_surprise
D:10:     layout_basic, serial_shops, nicolae_book_shop_shelving, serial_ice,
          serial_ice_f, serial_ice_o, serial_ice_d, serial_ice_a, serial_ice_j,
          serial_ice_m
D:11:     layout_long_grid, uniq_harold, uniq_grum
D:12:     layout_irregular_city, corner_web_ring
Temple:   nicolae_temple_bog_church
Lair:1:   layout_cave_pods, serial_rivers, chequers_serial_rivers_room_b,
          chequers_serial_rivers_micro_d, chequers_serial_rivers_large_a,
          chequers_serial_rivers_small_b, chequers_serial_rivers_micro_c,
          serial_bayou_ford_a, chequers_serial_rivers_room_a
Lair:2:   layout_chaotic_city
Lair:3:   layout_cave_pods, skrybe_swamp_entry_bodies,
          spider_nest_entry_web_field, infiniplex_staircase_pool_2
Orc:1:    lemuel_ogre_cave, layout_caves, enter_volcano_4, uniq_erolcha,
          uniq_jorgrun
Orc:2:    st_orc_town, layout_diamond_mine, gammafunk_ghost_berserking_beasts,
          basic_altar, serial_shops, nicolae_shop_crystal, uniq_urug,
          uniq_josephine

Skill      XL: |  1  2  3  4  5  6  7  8  9 10 11 12 13 14 |
---------------+-------------------------------------------+-----
Fighting       | 4 5 6 7 9 11 12 | 12.7
Shields        | 4 5 6 8 10 12 14 16 17 | 17.4
Armour         | 4 5 6 7 8 10 11 12 13 14 | 14.0
Long Blades    | 3 4 5 7 9 11 12 14 15 | 15.9
Dodging        | 1 2 3 4 5 |  5.1
Invocations    | 1 2 |  2.6
Stealth        | 1 |  1.5
Evocations     | |  0.1

Action                     |  1- 3 |  4- 6 |  7- 9 | 10-12 | 13-15 || total
---------------------------+-------+-------+-------+-------+-------++-------
  Melee: Long sword        |    81 |   190 |   376 |   760 |   107 ||  1514
         Headbutt          |    11 |    28 |    73 |   244 |   327 ||   683
         Falchion          |       |       |       |   117 |   904 ||  1021
 Invoke: Heroism           |       |       |     1 |     8 |    18 ||    27
  Evoke: Wand              |       |       |       |     8 |     1 ||     9
    Use: Scroll            |     2 |     2 |     4 |     9 |     6 ||    23
         Potion            |     1 |       |       |       |     5 ||     6
 Armour: Scale mail        |    70 |    75 |       |       |       ||   145
         Chain mail        |       |    17 |   111 |       |       ||   128
         Plate armour      |       |       |   117 |   278 |   315 ||   710
  Dodge: Dodged            |    70 |   101 |   118 |   143 |   164 ||   596
  Block: Buckler           |    24 |    48 |    27 |       |       ||    99
         Kite shield       |       |       |   215 |   503 |   787 ||  1505
